Map: King of Braxis Station

Players

MrFercho

  • Race: Terran Terran
  • Spawn Location: 7:00

tigro

  • Race: Terran Terran
  • Spawn Location: 9:00

IA (Difícil)

  • Race: Zerg Zerg
  • Spawn Location: 1:00

IA (Difícil)

  • Race: Protoss Protoss
  • Spawn Location: 5:00

wretched

  • Race: Zerg Zerg
  • League: Platinum
  • Spawn Location: 3:00

IA (Difícil)

  • Race: Zerg Zerg
  • Spawn Location: 6:00

IA (Difícil)

  • Race: Protoss Protoss
  • Spawn Location: 12:00

Voltheart

  • Race: Protoss Protoss
  • Spawn Location: 11:00

VOD

Have the link to the VOD?

Description

Time

  • Played on: March 24, 2020, 10:51 p.m.
  • Length: 28:26
Show
View Real Time Build Order
Export as new Build Order

MrFercho Terran 

Build Orders:  

Get SALT Encoding   

  12  0:02  SCV  
  13  0:29  Supply Depot  
  13  0:35  Engineering Bay  
  13  0:39  Refinery  
  14  0:50  SCV  
  14  1:02  SCV  
  15  1:14  SCV  
  16  1:27  Barracks  
  16  1:33  Refinery  
  16  1:37  SCV  
  17  1:49  SCV  
  18  2:01  SCV  
  19  2:13  SCV  
  20  2:19  Factory  
  20  2:25  SCV  
  21  2:31  Barracks Tech Lab  
  21  2:42  Orbital Command  
  21  2:50  Terran Infantry Armor Level 1  
  21  3:03  Supply Depot  
  21  3:05  Supply Depot  
  21  3:15  Starport  
  21  3:25  Supply Depot  
  21  3:32  Hellion  
  23  3:54  Hellion  
  25  4:05  Starport  
  25  4:06  Starport Tech Lab  
  25  4:13  Command Center  
  25  4:16  Fusion Core  
  23  4:27  Armory  
  23  4:45  Hellion  
  25  5:06  Hellion  
  27  5:11  Starport  
  27  5:13  Starport Tech Lab  
  27  5:22  SCV  
  27  5:28  Hellion  
  30  5:34  SCV  
  31  5:46  SCV  
  31  5:49  Hellion  
  34  5:58  SCV, Starport Tech Lab  
  35  6:07  Weapon Refit  
  35  6:10  Hellion, SCV  
  38  6:21  Marine  
  39  6:28  Battlecruiser  
  45  6:38  Marine  
  35  6:49  Planetary Fortress  
  35  6:56  Marine  
  36  7:01  Banshee  
  39  7:14  Marine  
  40  7:30  Terran Infantry Armor Level 2  
  40  7:32  Marine  
  41  8:41  Terran Ship Weapons Level 1  
  41  8:44  Battlecruiser  
  37  10:21  Battlecruiser  
  37  10:23  Banshee  
  37  10:24  Banshee  
  40  11:46  SCV  
  41  11:51  Battlecruiser  
  47  11:58  SCV  
  48  12:10  SCV  
  49  12:22  SCV  
  50  12:33  Terran Infantry Weapons Level 1  
  50  12:38  Terran Vehicle And Ship Armor Level 1  
  50  13:21  Banshee  
  47  13:53  Battlecruiser  
  53  14:21  Factory Tech Lab  
  53  14:27  Neosteel Armor  
  53  15:26  Battlecruiser  
  59  15:45  Unknown  
  59  15:47  Command Center  
  59  15:49  Unknown  
  59  16:08  Hi-Sec Auto Tracking  
  59  16:21  Supply Depot  
  59  16:23  Supply Depot  
  59  16:24  Supply Depot x2  
  59  16:27  Supply Depot x2  
  59  16:31  Supply Depot x2  
  59  16:42  Battlecruiser  
  59  16:44  Supply Depot, SCV  
  66  16:48  Supply Depot x2  
  66  16:50  Supply Depot  
  66  16:52  Supply Depot  
  66  16:53  Supply Depot  
  66  16:56  SCV  
  66  17:00  Planetary Fortress  
  67  17:08  SCV  
  68  17:10  Missile Turret  
  68  17:20  SCV  
  69  17:29  Missile Turret  
  69  17:32  SCV  
  70  17:50  Missile Turret  
  70  18:09  Missile Turret  
  70  18:27  SCV  
  71  18:37  Battlecruiser  
  71  18:38  Battlecruiser  
  71  18:40  SCV  
  84  18:52  SCV  
  84  18:54  Unknown  
  85  18:57  Command Center  
  85  19:02  Refinery  
  85  19:04  SCV, Refinery  
  86  19:16  Battlecruiser, SCV  
  93  19:19  Unknown  
  93  19:47  SCV  
  93  19:51  SCV  
  95  19:59  SCV  
  96  20:03  SCV  
  96  20:06  Battlecruiser  
  96  20:07  Battlecruiser  
  109  20:11  SCV  
  110  20:15  SCV  
  111  20:23  SCV  
  111  20:27  SCV  
  110  20:35  SCV  
  110  20:39  SCV  
  112  21:05  Armory  
  112  21:06  Terran Vehicle And Ship Armor Level 2  
  112  21:32  SCV  
  113  21:44  SCV  
  114  21:51  Terran Infantry Armor Level 3  
  114  21:56  SCV  
  115  22:09  Orbital Command  
  115  22:18  Battlecruiser x3  
  133  23:22  Battlecruiser x2  
  133  23:23  Battlecruiser  
  151  23:40  Unknown  
  115  24:27  Battlecruiser x2  
  115  24:28  Terran Infantry Weapons Level 2  
  76  25:08  Starport  
  76  25:09  Starport x2  
  76  25:10  Starport  
  76  25:11  Starport  
  54  25:16  Starport  
  53  25:47  Starport  
  53  25:49  Starport Tech Lab x3  
  53  25:50  Starport, Starport Tech Lab x2  
  53  25:52  Starport Tech Lab  
  53  25:59  Battlecruiser x3  
  71  26:10  Battlecruiser  
  89  26:46  Command Center  
  51  27:03  Battlecruiser  
Show
View Real Time Build Order
Export as new Build Order

tigro Terran 

Build Orders: 2 Factory 

Get SALT Encoding   

  12  0:05  SCV  
  13  0:19  SCV  
  14  0:31  Supply Depot  
  14  0:35  SCV  
  15  0:46  Refinery  
  15  0:50  Refinery  
  15  0:53  SCV  
  16  1:04  Barracks  
  16  1:06  Supply Depot  
  16  1:16  SCV  
  17  1:28  SCV  
  18  1:40  SCV  
  18  1:44  Barracks  
  19  1:52  SCV  
  20  1:56  Engineering Bay  
  20  2:04  Marine  
  21  2:22  Marine  
  22  2:30  Factory  
  22  2:39  Marine  
  23  2:49  Orbital Command  
  23  2:52  Missile Turret  
  23  2:57  Marine  
  24  3:00  Barracks Tech Lab  
  24  3:13  Missile Turret  
  24  3:15  Marine  
  25  3:20  Factory  
  25  3:36  Factory Tech Lab  
  25  3:38  Combat Shield  
  25  3:47  Marauder  
  27  3:53  SCV  
  28  4:12  Missile Turret  
  28  4:19  Armory  
  28  4:35  Factory Tech Lab  
  28  4:37  Infernal Pre-Igniter  
  28  4:41  Siege Tank  
  31  4:57  Stimpack  
  31  5:00  Supply Depot  
  30  5:07  SCV  
  29  5:22  Cyclone  
  27  5:29  Marine  
  27  5:31  Marine  
  20  5:47  Marine  
  20  5:49  Marine  
  19  5:56  Mag-Field Accelerator  
  12  6:04  Marine  
  12  6:06  Marine  
  12  6:22  Marine  
  12  6:24  Marine  
  14  6:37  Concussive Shells  
  14  6:40  Marine  
  14  6:42  Marine  
  16  6:52  SCV  
  2  7:26  Marine  
Show
View Real Time Build Order
Export as new Build Order

IA (Difícil) Zerg 

Build Orders: 1 Base Baneling Bust, Pool First 

Get SALT Encoding   

  12  0:01  Drone  
  13  0:12  Overlord  
  13  0:17  Drone  
  14  0:30  Drone  
  14  0:31  Drone  
  16  0:42  Spawning Pool  
  15  0:44  Drone  
  15  0:47  Drone  
  17  0:50  Extractor  
  17  0:55  Drone  
  17  1:05  Overlord  
  17  1:28  Queen  
  17  1:30  Zergling x2  
  20  1:33  Zergling x2  
  20  1:34  Roach Warren  
  20  1:38  Drone  
  21  1:40  Extractor  
  21  1:44  Baneling Nest  
  19  1:49  Drone  
  20  1:59  Drone  
  21  2:10  Drone  
  22  2:21  Zergling x2  
  23  2:27  Baneling  
  23  2:30  Baneling x2  
  23  2:31  Zergling x2  
  23  2:35  Zergling x2, Overlord, Drone  
  26  2:43  Zergling x2  
  27  2:54  Drone  
  28  3:05  Zergling x2  
  29  3:07  Zergling x2, Overlord  
  29  3:09  Zergling x2  
  31  3:15  Baneling  
  31  3:16  Zergling x2  
  31  3:19  Baneling x2  
  32  3:27  Zergling x2  
  32  3:34  Evolution Chamber  
  32  3:38  Drone  
  32  3:39  Zergling x2  
  32  3:40  Drone  
  35  3:49  Drone  
  36  4:00  Drone  
  37  4:11  Drone  
  37  4:12  Drone  
  37  4:13  Drone  
  37  4:14  Overlord  
  40  4:39  Lair  
  40  4:41  Evolution Chamber  
  40  4:44  Drone  
  40  4:53  Drone  
  40  4:56  Drone  
  42  5:01  Overlord  
  42  5:07  Metabolic Boost  
  42  5:14  Zerg Melee Weapons Level 1  
  37  5:17  Zergling x2  
  33  5:26  Zerg Ground Armor Level 1  
  33  5:34  Baneling, Zergling x2  
  33  5:42  Spire  
  33  5:43  Drone  
  33  5:46  Zergling x2  
  34  5:53  Zergling x2  
  34  5:56  Burrow  
  35  6:01  Baneling, Zergling x2  
  36  6:23  Spore Crawler  
  36  6:24  Drone  
  36  6:30  Drone, Spore Crawler  
  36  6:54  Mutalisk  
  36  6:56  Spine Crawler  
  36  6:58  Drone  
  36  6:59  Spine Crawler  
  36  7:00  Drone, Mutalisk  
  40  7:05  Overseer  
  40  7:07  Queen, Mutalisk  
  40  7:08  Zerg Missile Weapons Level 1  
  44  7:13  Mutalisk  
  44  7:15  Overseer  
  46  7:20  Mutalisk  
  48  7:26  Mutalisk  
  50  7:37  Hydralisk Den, Drone  
  50  7:55  Infestation Pit  
  50  7:56  Drone  
  50  8:39  Hive  
  50  8:52  Corruptor  
  47  9:51  Greater Spire  
  47  10:04  Queen  
  47  10:07  Hatchery  
  46  10:21  Zergling x2  
  46  10:29  Queen, Drone  
  46  10:31  Infestor  
  45  10:42  Zergling x2  
  37  10:51  Corruptor  
  37  10:54  Drone  
  37  10:56  Drone  
  38  10:57  Drone  
  38  10:58  Drone x6  
  38  11:01  Drone  
  38  11:02  Zergling x2  
  39  11:05  Queen  
  41  11:18  Pneumatized Carapace  
  41  11:24  Brood Lord, Corruptor  
  45  11:54  Overseer  
  45  11:56  Brood Lord  
  47  12:11  Corruptor  
  49  12:44  Brood Lord  
  51  12:57  Corruptor  
  53  13:07  Zergling x2  
  39  13:32  Brood Lord  
  41  13:47  Zergling x2  
  41  13:52  Hydralisk  
  41  13:56  Hydralisk  
  41  13:58  Queen  
  41  14:00  Zergling x2  
  39  14:04  Roach  
  39  14:06  Drone  
  39  14:07  Hydralisk  
  39  14:08  Drone  
  35  14:10  Drone, Spore Crawler  
  35  14:11  Zergling x2  
  35  14:12  Drone  
  35  14:13  Drone  
  35  14:15  Drone, Roach  
  35  14:16  Drone, Spore Crawler  
  39  14:18  Zergling x2, Drone  
  39  14:21  Hydralisk, Drone  
  39  14:22  Drone  
  36  14:25  Drone  
  36  14:26  Zergling x2, Drone  
  36  14:28  Drone  
  36  14:30  Drone, Roach  
  29  14:31  Drone  
  29  14:33  Zergling x2, Drone  
  29  14:34  Drone  
  29  14:35  Drone  
  29  14:36  Drone  
  29  14:37  Zergling x2, Drone  
  28  14:39  Drone, Spore Crawler  
  28  14:40  Hydralisk  
  28  14:41  Drone  
  28  14:42  Drone  
  28  14:44  Drone  
  28  14:45  Zergling x2, Queen, Drone  
  33  14:48  Zergling x2  
  33  14:52  Zergling x2  
  27  14:55  Hydralisk  
  26  15:01  Zergling x2, Drone  
  26  15:03  Drone  
  26  15:04  Zergling x2  
  26  15:05  Drone  
  27  15:08  Drone  
  27  15:12  Zergling x2  
  27  15:13  Drone  
  19  15:18  Drone  
  15  15:22  Drone  
  15  15:25  Queen  
  11  15:29  Drone  
  11  15:31  Hydralisk  
  11  15:32  Queen, Drone  
  11  15:33  Drone  
  11  15:35  Zergling x2, Drone  
  12  15:43  Drone  
  10  15:54  Drone  
  6  16:05  Drone  
  6  16:07  Drone  
Show
View Real Time Build Order
Export as new Build Order

IA (Difícil) Protoss 

Build Orders:  

Get SALT Encoding   

  12  0:01  Probe  
  13  0:13  Probe  
  14  0:21  Pylon  
  14  0:25  Probe  
  15  0:35  Probe  
  16  0:43  Probe  
  16  0:49  Assimilator  
  17  0:52  Gateway  
  17  0:53  Probe  
  18  1:01  Probe  
  18  1:03  Pylon  
  19  1:22  Probe  
  20  1:40  Zealot  
  20  1:44  Cybernetics Core  
  20  1:46  Gateway  
  22  1:48  Assimilator  
  22  2:04  Pylon  
  22  2:18  Stalker  
  22  2:20  Warp Gate  
  24  2:33  Adept  
  26  2:48  Zealot  
  28  2:55  Adept, Pylon  
  30  3:11  Probe  
  31  3:15  Adept  
  33  3:23  Adept, Pylon, Probe  
  36  3:35  Probe  
  37  3:45  Adept, Forge  
  37  3:47  Probe  
  40  3:52  Adept  
  42  3:59  Probe  
  43  4:08  Probe  
  44  4:22  Adept  
  46  4:53  Protoss Ground Weapons Level 1  
  46  5:02  Stalker  
  46  5:03  Probe  
  46  5:05  Gateway  
  49  5:07  Pylon  
  49  5:11  Sentry  
  51  5:15  Probe  
  52  5:23  Zealot  
  54  5:30  Pylon  
  54  5:34  Stalker  
  56  5:37  Photon Cannon  
  56  5:44  Zealot  
  56  5:46  Photon Cannon  
  57  5:51  Robotics Facility  
  57  5:58  Stalker, Probe  
  57  6:00  Pylon  
  60  6:07  Sentry  
  62  6:13  Stargate  
  62  6:16  Stalker  
  64  6:22  Twilight Council  
  64  6:30  Forge  
  64  6:39  Observer  
  65  6:41  Protoss Ground Armor Level 1  
  65  6:56  Zealot  
  65  7:01  Observer  
  66  7:55  Zealot  
  66  8:50  Probe  
  66  9:02  Warp Prism  
  66  9:06  Stalker x2  
  66  9:08  Stalker x2  
  68  9:10  Gateway  
  68  9:12  Templar Archives  
  68  9:15  Robotics Bay  
  68  9:19  Robotics Facility  
  68  9:22  Stargate  
  68  9:27  Pylon  
  58  9:31  Warp Prism  
  44  9:43  Zealot  
  38  9:55  High Templar  
  40  10:05  Warp Prism  
  42  10:07  High Templar  
  42  10:08  Observer  
  45  10:19  Sentry  
  47  10:29  Observer  
  47  10:30  Probe  
  47  10:31  High Templar, Archon  
  50  10:43  High Templar, Observer  
  53  10:58  Archon  
  53  11:11  Disruptor  
  56  11:38  High Templar  
  58  12:06  High Templar  
  60  12:21  Archon  
  60  12:33  High Templar  
  62  13:01  High Templar  
  64  13:08  Zealot  
  66  13:15  Stalker  
  68  13:21  Stalker  
  70  13:47  High Templar  
  68  14:02  Archon  
  68  14:16  High Templar  
  70  14:29  Archon  
  70  14:42  High Templar  
  72  15:10  High Templar  
  74  15:24  Archon  
  74  15:37  High Templar  
  76  16:06  High Templar  
  78  16:14  Pylon  
  77  16:21  Observer  
  78  16:47  High Templar  
  80  17:02  Adept  
  80  17:06  Zealot  
  84  17:10  Zealot  
  84  17:14  Zealot  
  88  17:16  Pylon  
  88  17:18  Immortal  
  92  17:22  Stalker  
  94  17:38  Stalker  
  94  17:42  Zealot  
  94  17:44  Pylon  
  81  17:46  Zealot  
  81  17:49  Sentry  
  85  18:02  Adept  
  87  18:11  Immortal  
  91  18:20  Probe  
  91  18:30  Immortal  
  95  18:46  Protoss Ground Weapons Level 2  
  95  19:14  Protoss Ground Armor Level 2  
  95  19:59  Void Ray  
  99  20:05  Pylon  
  99  20:20  Void Ray  
  99  20:41  Void Ray  
  99  21:18  Protoss Shields Level 1  
  99  22:15  Gravitic Boosters  
  99  22:47  Protoss Air Weapons Level 1  
  99  23:13  Gravitic Drive  
  99  23:18  Disruptor  
  99  23:19  Protoss Shields Level 2  
  102  23:29  Stalker  
  102  23:38  Stalker  
  102  23:47  Stalker  
  104  23:56  Stalker  
  104  24:01  Pylon  
  106  24:06  Stalker  
  108  24:33  Disruptor  
  111  25:22  Fleet Beacon  
  111  25:25  Pylon  
  111  25:56  Carrier  
  111  26:09  Void Ray  
  117  26:29  Tempest  
  122  26:34  Pylon  
  122  26:49  Sentry  
  123  27:02  Observer  
  124  27:20  Disruptor  
  124  27:35  Pylon  
  118  28:01  Probe  
Show
View Real Time Build Order
Export as new Build Order

wretched Zerg 

Build Orders: Hatch First 

Get SALT Encoding   

  12  0:05  Drone  
  13  0:10  Drone  
  14  0:23  Extractor, Drone  
  14  0:27  Extractor  
  14  0:28  Drone  
  14  0:32  Evolution Chamber  
  14  0:33  Drone  
  15  0:39  Overlord  
  16  1:00  Drone x2  
  16  1:02  Hatchery  
  17  1:10  Drone  
  18  1:25  Drone  
  19  1:29  Spawning Pool  
  18  1:33  Drone  
  19  1:42  Drone  
  20  1:52  Drone  
  21  1:57  Extractor  
  20  2:03  Drone  
  21  2:15  Drone  
  22  2:17  Hatchery  
  22  2:19  Queen  
  22  2:21  Metabolic Boost  
  23  2:26  Drone  
  24  2:36  Drone  
  25  2:39  Queen  
  25  2:44  Drone  
  28  2:50  Overlord  
  28  2:51  Overlord  
  28  3:07  Overlord x2  
  28  3:12  Lair  
  28  3:25  Roach Warren  
  27  3:27  Drone x2  
  27  3:32  Unknown  
  28  3:40  Queen  
  30  3:45  Drone x2  
  30  3:47  Drone  
  33  3:50  Drone  
  34  3:56  Zergling x2  
  34  3:57  Zergling x2  
  34  4:00  Zergling x2  
  37  4:08  Spine Crawler  
  36  4:11  Drone  
  36  4:12  Drone  
  38  4:26  Zergling x2  
  38  4:27  Zergling x8  
  43  4:46  Drone x2  
  43  4:47  Drone x5  
  50  5:05  Spore Crawler  
  46  5:08  Zergling x6  
  46  5:09  Zergling x12  
  50  5:21  Zergling x6  
  51  5:22  Zergling x6  
  54  5:31  Zergling x2  
  54  5:32  Zergling x2  
  52  5:36  Zergling x2  
  52  5:37  Zergling x2  
  53  5:42  Zergling x2  
  53  5:43  Zergling x2  
  53  5:49  Zergling x2  
  50  5:50  Zergling x6  
  50  5:55  Zergling x2  
  50  5:56  Queen  
  54  6:00  Zergling x4  
  56  6:08  Spine Crawler  
  55  6:12  Roach x2, Spine Crawler x2  
  57  6:18  Overlord  
  57  6:19  Overlord  
  57  6:20  Overlord  
  51  6:44  Zergling x2  
  51  6:45  Roach x7  
  64  6:55  Infestation Pit  
  61  7:08  Roach  
  61  7:09  Roach x4  
  61  7:10  Roach  
  71  8:02  Ravager x8  
  71  8:12  Overlord x4  
  71  8:13  Overlord  
  71  8:21  Hatchery  
  70  8:27  Pathogen Glands  
  70  8:29  Overlord  
  70  8:30  Overlord x5  
  70  8:40  Spore Crawler  
  69  8:43  Spore Crawler  
  69  8:45  Spore Crawler  
  67  8:52  Nydus Network  
  66  9:03  Swarm Host x2  
  66  9:05  Swarm Host  
  75  9:10  Drone x2  
  75  9:14  Drone  
  75  9:16  Drone  
  78  9:32  Overseer x4  
  43  9:48  Burrow  
  39  9:57  Queen x2  
  41  10:04  Drone  
  41  10:05  Drone  
  41  10:06  Drone  
  41  10:24  Ravager x2  
  41  10:26  Roach x2  
  46  10:33  Drone x2  
  41  11:11  Overseer  
  41  11:13  Drone x5  
  47  11:18  Ravager  
  47  11:19  Ravager  
  48  11:38  Drone, Spore Crawler  
  48  11:39  Drone x3, Spore Crawler x2  
  49  11:40  Spore Crawler  
  49  11:42  Spore Crawler  
  49  11:47  Drone x2  
  49  11:49  Drone  
  49  11:53  Drone  
  51  11:56  Drone  
  51  12:00  Drone  
  53  12:02  Drone  
  53  12:05  Drone  
  52  12:39  Drone x16  
  52  12:43  Drone x2  
Show
View Real Time Build Order
Export as new Build Order

IA (Difícil) Zerg 

Build Orders: 1 Base Baneling Bust, Pool Only 

Get SALT Encoding   

  12  0:01  Drone  
  13  0:12  Overlord  
  13  0:17  Drone  
  14  0:30  Drone  
  14  0:32  Drone  
  16  0:42  Spawning Pool  
  15  0:44  Drone  
  15  0:47  Drone  
  17  0:50  Extractor  
  17  0:55  Drone  
  17  1:05  Overlord  
  17  1:29  Queen  
  17  1:31  Zergling x2  
  20  1:35  Roach Warren  
  20  1:36  Zergling x2  
  20  1:38  Drone  
  21  1:40  Extractor  
  20  1:49  Drone  
  21  2:00  Drone  
  22  2:10  Overlord  
  22  2:21  Drone  
  23  2:32  Roach  
  23  2:36  Drone  
  26  2:37  Roach  
  26  2:41  Overlord  
  30  2:44  Roach  
  30  2:54  Roach  
  32  3:05  Roach  
  34  3:08  Drone  
  34  3:09  Overlord  
  34  3:11  Roach  
  37  3:17  Drone  
  38  3:27  Baneling Nest  
  38  3:28  Roach  
  38  3:32  Evolution Chamber  
  38  3:39  Roach  
  38  3:40  Drone  
  41  3:41  Drone  
  42  3:50  Drone  
  43  4:01  Drone  
  44  4:10  Drone  
  44  4:12  Drone  
  46  4:50  Lair  
  46  4:51  Zergling x2, Overlord, Drone  
  46  4:52  Zerg Melee Weapons Level 1  
  48  4:53  Drone, Evolution Chamber  
  48  4:57  Baneling  
  46  5:14  Zergling x2  
  46  5:18  Zerg Missile Weapons Level 1  
  46  5:20  Zergling x2, Drone  
  45  5:28  Zergling x2  
  46  5:37  Zergling x2  
  46  5:41  Zergling x2  
  48  5:45  Zergling x2  
  48  5:49  Zergling x2  
  45  5:53  Roach  
  45  5:56  Queen  
  36  5:57  Zergling x2  
  36  6:00  Roach  
  36  6:04  Zergling x2  
  36  6:07  Spire  
  32  6:14  Zergling x2  
  20  6:25  Drone  
  15  6:32  Baneling  
  7  6:36  Zergling x2  
  5  6:47  Drone  
Show
View Real Time Build Order
Export as new Build Order

IA (Difícil) Protoss 

Build Orders:  

Get SALT Encoding   

  12  0:01  Probe  
  13  0:13  Probe  
  14  0:19  Pylon  
  14  0:25  Probe  
  15  0:33  Probe  
  15  0:42  Probe  
  16  0:45  Assimilator  
  16  0:49  Gateway  
  17  0:51  Probe  
  18  1:00  Probe  
  18  1:02  Pylon  
  19  1:18  Probe  
  20  1:38  Zealot  
  22  1:40  Gateway  
  22  1:43  Cybernetics Core  
  22  1:44  Assimilator  
  22  1:59  Pylon  
  22  2:08  Zealot  
  22  2:10  Warp Gate  
  24  2:27  Adept  
  26  2:34  Adept  
  28  2:52  Pylon  
  28  2:57  Adept  
  30  3:03  Probe  
  30  3:04  Stalker  
  33  3:15  Probe  
  33  3:19  Pylon  
  34  3:27  Adept  
  34  3:28  Probe  
  37  3:34  Adept  
  37  3:35  Forge  
  37  3:40  Probe  
  40  3:52  Probe  
  41  4:03  Probe  
  41  4:04  Adept  
  44  4:12  Adept  
  46  4:51  Protoss Ground Weapons Level 1  
  46  5:00  Sentry  
  46  5:01  Probe  
  46  5:05  Gateway  
  49  5:08  Pylon  
  49  5:10  Stalker  
  49  5:11  Photon Cannon  
  49  5:13  Probe  
  52  5:14  Photon Cannon  
  40  5:23  Stalker  
  42  5:31  Robotics Facility  
  42  5:33  Adept  
  44  5:41  Probe  
  44  5:46  Zealot  
  46  5:54  Stargate  
  46  5:55  Sentry  
  48  6:05  Adept  
  48  6:07  Twilight Council  
  50  6:13  Forge  
  50  6:14  Stalker  
  53  6:18  Observer  
  53  6:23  Adept  
  55  6:31  Protoss Ground Armor Level 1  
  56  6:40  Observer  
  56  7:54  Observer  
  56  8:40  Probe  
  56  8:58  Protoss Ground Armor Level 2, Protoss Ground Weapons Level 2  
  56  9:09  Immortal  
  60  9:11  Gateway  
  60  9:14  Stargate  
  60  9:16  Robotics Facility  
  60  9:18  Pylon  
  60  9:37  Zealot  
  62  9:43  Pylon  
  62  9:44  Adept  
  64  9:47  Warp Prism  
  66  9:58  Stalker x2  
  66  10:03  Observer  
  67  10:10  Pylon  
  67  10:23  Warp Prism  
  67  10:24  Immortal  
  67  10:27  Robotics Bay  
  57  10:58  Stalker  
  57  10:59  Warp Prism  
  57  11:04  Zealot, Observer  
  54  11:07  Gravitic Boosters  
  54  11:11  Stalker  
  54  11:17  Adept  
  56  11:24  Adept  
  56  11:25  Observer  
  59  11:30  Adept  
  61  11:37  Stalker  
  63  11:43  Stalker  
  65  11:50  Zealot  
  67  11:56  Adept  
  67  11:57  Protoss Shields Level 1  
  69  12:03  Adept  
  71  12:09  Sentry  
  73  12:51  Zealot  
  75  12:54  Zealot  
  75  12:55  Pylon  
  75  12:57  Stalker  
  79  13:03  Sentry  
  81  13:17  Stalker  
  81  13:24  Immortal  
  85  13:39  Pylon  
  85  13:49  Protoss Shields Level 2  
  85  13:50  Gravitic Drive  
  83  13:59  Stalker  
  81  14:13  Observer  
  82  14:25  Zealot  
  82  14:27  Observer  
  83  14:45  Sentry  
  85  15:10  Pylon  
  85  15:13  Stalker  
  79  15:16  Zealot  
  79  15:18  Protoss Air Weapons Level 1  
  79  15:19  Zealot  
  77  15:22  Zealot  
  75  15:36  Stalker  
  75  15:39  Stalker  
  75  15:42  Zealot  
  71  15:48  Zealot  
  72  15:53  Probe  
  63  15:59  Sentry  
  62  16:05  Probe, Zealot  
  64  16:17  Probe  
  63  16:29  Probe  
  64  16:34  Disruptor  
  67  16:41  Probe  
  67  16:43  Stalker  
  68  16:51  Zealot  
  68  16:54  Probe  
  59  16:57  Zealot  
  57  17:02  Stalker  
  57  17:05  Warp Prism  
  57  17:06  Probe  
  55  17:08  Zealot  
  55  17:14  Zealot  
  52  17:16  Warp Prism  
  52  17:18  Probe  
  52  17:20  Stalker  
  48  17:26  Zealot  
  45  17:30  Probe  
  45  17:31  Zealot  
  45  17:37  Zealot  
  45  17:42  Probe  
  47  17:49  Zealot  
  47  17:54  Probe  
  48  18:06  Probe  
  49  18:18  Probe  
  48  18:22  Zealot  
  38  18:28  Stalker  
  38  18:30  Probe  
  39  18:41  Zealot  
  39  18:42  Probe  
  32  18:55  Stalker, Probe  
  33  18:59  Zealot  
  31  19:05  Stalker  
  31  19:07  Pylon, Probe  
  31  19:09  Pylon, Zealot  
  34  19:13  Zealot  
  26  19:19  Probe, Zealot  
  27  19:28  Zealot  
  27  19:31  Probe, Zealot  
  26  19:35  Zealot  
  27  19:39  Stalker  
  19  19:48  Stalker  
  19  19:50  Pylon  
  19  19:51  Stalker  
  19  20:02  Stalker  
  17  20:09  Zealot  
  10  20:23  Stalker  
  10  20:26  Zealot  
Show
View Real Time Build Order
Export as new Build Order

Voltheart Protoss 

Build Orders:  

Get SALT Encoding   

  12  0:15  Pylon  
  12  0:18  Probe (Chrono Boost)  
  13  0:27  Probe (Chrono Boost)  
  14  0:38  Gateway  
  14  0:39  Probe  
  15  0:51  Assimilator, Probe  
  16  1:25  Pylon  
  16  1:28  Cybernetics Core  
  16  1:34  Assimilator  
  16  1:36  Probe (Chrono Boost)  
  17  1:46  Probe (Chrono Boost)  
  18  1:51  Probe (Chrono Boost)  
  19  2:02  Probe (Chrono Boost)  
  20  2:11  Twilight Council  
  20  2:14  Probe (Chrono Boost)  
  21  2:16  Warp Gate  
  21  2:23  Probe (Chrono Boost)  
  21  2:29  Probe  
  22  2:42  Forge  
  22  2:47  Gateway  
  22  2:48  Gateway  
  22  2:54  Resonating Glaives  
  22  2:56  Adept  
  24  3:10  Pylon  
  24  3:15  Protoss Ground Weapons Level 1 (Chrono Boost)  
  24  3:26  Adept  
  26  3:44  Pylon  
  26  3:49  Templar Archives  
  26  4:06  Adept  
  28  4:13  Adept  
  28  4:14  Adept  
  32  4:42  High Templar  
  32  4:44  Zealot  
  32  4:45  Zealot  
  36  5:16  Protoss Shields Level 1  
  30  6:12  Stalker  
  30  6:13  Stalker x2  
  34  6:36  Gateway  
  34  6:40  Gateway  
  34  6:49  Pylon  
  34  6:51  Pylon  
  34  6:53  Pylon  
  34  6:55  Gateway  
  34  6:56  Pylon  
  34  6:57  Gateway  
  34  7:01  Dark Shrine  
  34  7:11  Photon Cannon  
  34  7:15  Photon Cannon  
  34  7:45  Photon Cannon  
  34  7:58  Stalker x2  
  34  7:59  Stalker x2  
  34  8:00  High Templar  
  34  8:05  Photon Cannon  
  44  8:11  Shield Battery  
  44  8:14  Shield Battery  
  44  8:19  Pylon, High Templar  
  46  8:20  High Templar  
  48  8:35  Photon Cannon  
  48  8:37  Shadow Stride  
  48  8:51  Zealot  
  48  8:53  Zealot x3  
  48  8:54  Zealot x3  
  62  9:17  Protoss Ground Weapons Level 2 (Chrono Boost)  
  62  9:24  Charge (Chrono Boost)  
  62  9:50  Robotics Facility  
  62  10:08  Nexus  
  62  10:28  Dark Templar x2  
  66  10:51  Pylon  
  66  10:59  Assimilator  
  66  11:09  Observer  
  67  11:23  Probe (Chrono Boost)  
  68  11:29  Photon Cannon  
  68  11:31  Observer  
  70  11:32  Gateway  
  70  11:33  Probe (Chrono Boost)  
  70  11:38  Probe (Chrono Boost)  
  70  11:44  Protoss Shields Level 2  
  71  11:49  Probe  
  72  12:01  Probe  
  73  12:17  Dark Templar  
  73  12:18  Dark Templar  
  77  12:33  Robotics Bay  
  77  12:36  Photon Cannon  
  77  12:39  Photon Cannon  
  77  12:40  Photon Cannon  
  77  12:42  Photon Cannon  
  77  12:57  Photon Cannon  
  77  13:01  Pylon  
  77  13:48  Probe (Chrono Boost)  
  77  13:54  Stargate  
  78  13:56  Stargate  
  78  13:58  Probe (Chrono Boost)  
  79  14:03  Pylon, Probe (Chrono Boost)  
  80  14:12  Assimilator  
  80  14:14  Zealot x6  
  80  14:15  Probe (Chrono Boost)  
  93  14:20  Probe (Chrono Boost)  
  93  14:21  Pylon  
  93  14:24  Pylon  
  94  14:29  Probe  
  95  14:41  Probe  
  96  14:48  Void Ray (Chrono Boost)  
  96  14:50  Void Ray (Chrono Boost)  
  104  15:07  Protoss Shields Level 3, Protoss Air Weapons Level 1  
  92  15:24  Void Ray  
  92  15:25  Void Ray  
  90  15:59  High Templar x2  
  90  16:00  Stalker  
  90  16:01  Stalker  
  90  16:25  Stalker x4  
  94  16:28  Zealot x2  
  102  16:34  Photon Cannon  
  102  16:37  Photon Cannon  
  102  16:44  Photon Cannon  
  102  16:46  Photon Cannon  
  100  16:48  Photon Cannon  
  100  16:50  Photon Cannon  
  92  17:25  Blink  
  80  18:00  Stalker x4  
  80  18:01  Zealot x4  
  96  18:15  Photon Cannon  
  86  18:37  Stalker x2  
  86  18:38  Stalker x4  
  86  18:39  Stalker x2  
  94  19:18  Pylon  
  94  19:22  Void Ray, Stargate  
  94  19:23  Void Ray  
  102  19:40  Protoss Air Armor Level 1, Probe (Chrono Boost)  
  103  19:52  Probe (Chrono Boost)  
  105  19:55  Probe (Chrono Boost)  
  105  19:57  Probe (Chrono Boost)  
  104  20:01  Probe  
  104  20:05  Void Ray  
  104  20:06  Probe  
  108  20:17  Fleet Beacon  
  108  20:19  Probe  
  108  20:21  Pylon  
  109  20:23  Pylon  
  109  20:47  Protoss Ground Armor Level 1  
  109  20:50  Stalker x4, Nexus  
  109  20:51  Stalker x3  
  123  21:04  Assimilator  
  123  21:15  Pylon  
  123  21:18  Pylon  
  123  21:20  Pylon  
  123  21:22  Pylon  
  123  21:31  Assimilator  
  123  21:46  Void Ray  
  127  21:49  Tempest x2  
  127  21:53  Probe (Chrono Boost)  
  138  22:04  Probe (Chrono Boost)  
  139  22:10  Probe (Chrono Boost)  
  139  22:11  Probe (Chrono Boost)  
  141  22:20  Probe (Chrono Boost)  
  143  22:22  Probe (Chrono Boost)  
  143  22:25  Probe (Chrono Boost)  
  144  22:31  Unknown  
  144  22:36  Probe  
  145  22:45  Protoss Air Weapons Level 2  
  145  22:48  Probe  
  146  22:52  Photon Cannon  
  146  22:55  Protoss Ground Weapons Level 3  
  146  22:56  Photon Cannon  
  146  22:57  Photon Cannon  
  146  22:58  Shield Battery  
  146  23:00  Probe  
  146  23:01  Photon Cannon  
  146  23:03  Photon Cannon  
  147  23:05  Photon Cannon  
  147  23:07  Shield Battery  
  147  23:12  Probe  
  148  23:20  Gateway  
  148  23:24  Probe (Chrono Boost)  
  149  23:27  Shield Battery  
  149  23:36  Probe (Chrono Boost)  
  149  23:41  Photon Cannon  
  150  23:42  Probe (Chrono Boost)  
  150  23:44  Pylon  
  150  23:47  Pylon  
  151  23:49  Pylon  
  151  23:50  Probe  
  152  23:59  Tempest (Chrono Boost)  
  167  24:02  Probe  
  167  24:09  Tempest x2 (Chrono Boost)  
  152  24:18  Stalker x2  
  152  24:19  Stalker  
  152  24:20  Stalker  
  152  24:21  Stalker x3  
  152  24:22  Stalker  
  146  24:34  Tempest  
  149  24:48  Probe  
  149  24:51  Assimilator  
  150  24:59  Pylon  
  150  25:00  Probe  
  151  25:12  Probe  
  136  25:16  Archon x2  
  136  25:17  Archon  
  124  25:24  Probe  
  125  25:36  Probe  
  126  25:55  Stalker x5  
  126  25:56  Stalker x3  
  142  26:04  Photon Cannon  
  142  26:06  Photon Cannon  
  142  26:07  Pylon  
  142  26:11  Photon Cannon  
  142  26:13  Shield Battery  
  100  28:15  Dark Templar x3  
  100  28:16  Dark Templar x4  
Tags
 
Add a new tag
Caveats
  • Supply blocks, unpowered buildings, or Contaminate may cause inaccurate times.
  • Supply counts are checked every 10 seconds.